 Dungeon Crawl Stone Soup version 0.31-a0-185-g9dded2c639 (webtiles) character file.

Game seed: 8829682222199925078

2772 qw the Skirmisher (level 9, -12/50 HPs)
             Began as a Deep Elf Hunter on June 22, 2023.
             Was an Initiate of Okawaru.
             Mangled by a red ugly thing (20 damage)
             ... on level 8 of the Dungeon.
             The game lasted 00:01:57 (4765 turns).

qw the Skirmisher (Deep Elf Hunter)                 Turns: 4765, Time: 00:01:58

Health: -12/50     AC: 15    Str: 12    XL:     9   Next: 42%
Magic:  11/11      EV: 21    Int: 13    God:    Okawaru [......]
Gold:   356        SH:  0    Dex: 26    Spells: 8/8 levels left

rFire   . . .        f - +0 orcbow
rCold   . . .        (shield currently unavailable)
rNeg    . . .        o - +0 ring mail
rPois   +            e - +1 helmet
rElec   .            h - +2 cloak
rCorr   +            m - +1 pair of gloves
SInv    .            i - +1 pair of boots
Will    .....        d - amulet of the acrobat
Stlth   ++           s - ring of Gew Hiat {+Blink rCorr EV+5 Dex+2}
HPRegen 0.28/turn    j - +6 ring of dexterity
MPRegen 0.12/turn

%: acrobat
@: no status effects
A: hooves 1, dopey 1, poison resistance
a: Renounce Religion, Evoke Blink


You were on level 8 of the Dungeon.
You worshipped Okawaru.
Okawaru was noncommittal.
You visited 2 branches of the dungeon, and saw 9 of its levels.
You also visited: Sewer.

You collected 356 gold pieces.


Innate Abilities, Weirdness & Mutations

You have large cloven feet.
You are dopey. (Int -2)
Your system is resistant to poisons. (rPois)


   Skills:
 - Level 3.0 Fighting
 + Level 14.3 Ranged Weapons
 - Level 2.6 Armour
 - Level 7.7 Dodging
 - Level 1.2 Stealth


You had 8 spell levels left.
You didn't know any spells.
Your spell library was empty.

Inventory:

Hand Weapons
 f - a +0 orcbow (weapon)
Armour
 e - a +1 helmet (worn)
 h - a +2 cloak (worn)
 i - a +1 pair of boots (worn)
 m - a +1 pair of gloves (worn)
 o - a +0 ring mail (worn)
Jewellery
 d - an amulet of the acrobat (around neck)
 j - a +6 ring of dexterity (right hand)
 s - the ring of Gew Hiat (left hand) {+Blink rCorr EV+5 Dex+2}
   (You found it on level 5 of the Dungeon)

   [ring of evasion]

   EV:        It affects your evasion (+5).
   Dex:       It affects your dexterity (+2).
   +Blink:    It lets you blink.
   rCorr:     It protects you from acid and corrosion.
Scrolls
 a - 3 scrolls of teleportation
 g - a scroll of identify
Potions
 b - 2 potions of mutation
 c - 3 potions of enlightenment
 k - 4 potions of curing
 l - a potion of resistance
 n - a potion of brilliance {unknown}
 p - 3 potions of heal wounds
 r - a potion of lignification {unknown}
 t - a potion of haste {unknown}

Dungeon Overview and Level Annotations

Branches:
Dungeon (8/15)             Temple (1/1) D:7           Sewer (visited)
   Lair: D:8-11

Altars:
Ashenzari
Cheibriados
Dithmenos
Elyvilon
Gozag
Hepliaklqana
Makhleb
Nemelex Xobeh
Okawaru
Qazlal
Ru
Sif Muna
Vehumet
Wu Jian
Xom
Yredelemnul
Zin

Shops:
D:3 *

Annotations:
D:5 2 runed translucent doors, qw's ghost, amateur GrFi
D:6 2 transporters, qw's ghost, novice GrFi


Message History

What level of the Dungeon? (default 1, ? - help)
You climb downwards.
There is a stone staircase leading up here.
You now have 356 gold pieces (gained 14).
You open the door.
There is an open door here.
A red ugly thing and a slime creature come into view.
The red ugly thing gurgles horribly!
You hear a shout!
A cyclops comes into view.
You hear a bellow!
Enter note:
Enter note: You shoot an arrow.
The arrow hits the cyclops!
The cyclops is moderately wounded.
You hear a shout!
Something shouts, "Admit defeat, thou foppish fly-bitten brigand!"
You shoot an arrow. The arrow hits the red ugly thing.
The red ugly thing is lightly wounded.
You shoot an arrow. The arrow hits the red ugly thing.
The red ugly thing is lightly wounded.
You shoot an arrow.
The arrow hits the red ugly thing but does no damage.
The red ugly thing is lightly wounded.
You shoot an arrow.
The arrow barely misses the red ugly thing.
The red ugly thing barely misses you.
You shoot an arrow.
The arrow barely misses the red ugly thing.
The red ugly thing stings you but does no damage.
You shoot an arrow.
The arrow hits the red ugly thing but does no damage.
The red ugly thing is lightly wounded.
The red ugly thing stings you!
You are engulfed in flames!!
You shoot an arrow.
The arrow completely misses the red ugly thing.
You shoot an arrow.
The arrow hits the red ugly thing but does no damage.
The red ugly thing is lightly wounded.
The red ugly thing stings you!
You are engulfed in flames!!
You die...

#........#... ..#
#........'...
#...##........#...
#.#...........#...
#.####........#...
#.# #........#...
...####.#
#........#...
....CJu.#
#........#...
#@####........###.
#......###......#.
#.###### #......#.
#.# ......#. #.#
......#. #.# ...
#.# #.# #.#


You could see a red ugly thing, a slime creature and a cyclops.

Vanquished Creatures
  Pikel (D:7)
  A hornet (D:7)
  A steam dragon (D:7)
  2 water moccasins
  An ice beast (D:6)
  A sky beast (D:7)
  2 black bears
  An orc warrior (D:7)
  2 ogres
  A lemure (D:7)
  A centaur (D:6)
  2 phantoms
  5 kobold brigands
  A bullfrog (D:7)
  A gnoll sergeant (D:6)
  A howler monkey (D:4)
  2 hounds (D:7)
  An orc priest (D:6)
  3 jellies
  A sleepcap (D:4)
  An orc wizard (D:6)
  3 gnolls (D:6)
  4 adders
  A river rat (Sewer)
  A shadow imp (D:7)
  2 white imps
  4 worms (D:3)
  3 dart slugs
  11 orcs
  9 ball pythons
  8 bats
  2 endoplasms (D:1)
  4 giant cockroaches (D:1)
  7 goblins
  5 hobgoblins
  3 jackals (Sewer)
  3 quokkas
  6 frilled lizards
  23 kobolds
  5 rats
136 creatures vanquished.

Notes
Turn   | Place    | Note
-------+----------+-------------------------------------------
     0 | D:1      | qw the Deep Elf Hunter began the quest for the Orb.
     0 | D:1      | Reached XP level 1. HP: 12/12 MP: 3/3
     0 | D:1      | 0 ||| qw: Version: 0.3-a-9-g12657ce
     0 | D:1      | 0 ||| qw: Game counter: 1680
     0 | D:1      | 0 ||| qw: Always use a shield: true
     0 | D:1      | 0 ||| qw: God list: Okawaru
     0 | D:1      | 0 ||| qw: Allow faded altars: false
     0 | D:1      | 0 ||| qw: Do Orc after D:15 true
     0 | D:1      | 0 ||| qw: Do second Lair branch before Depths: true
     0 | D:1      | 0 ||| qw: Lair rune preference: random
     0 | D:1      | 0 ||| qw: Plans: Normal
     0 | D:1      | 0 ||| PLANNING D:1-11
    79 | D:1      | Reached skill level 6 in Ranged Weapons
    79 | D:1      | Reached XP level 2. HP: 14/16 MP: 4/4
   377 | D:1      | Reached XP level 3. HP: 20/20 MP: 5/5
   558 | D:1      | 558 ||| UPGRADING to +1 pair of gloves.
   563 | D:1      | 563 ||| UPGRADING to amulet of the acrobat.
   568 | D:1      | 568 ||| UPGRADING to ring of resist corrosion.
   569 | D:1      | 569 ||| READING 2 scrolls labelled XOSCHO BORR.
   573 | D:1      | 573 ||| READING scroll labelled KINIOG ZAMMOZO.
   574 | D:1      | 574 ||| READING scroll labelled EMABRE BEBLU.
   575 | D:1      | 575 ||| READING scroll labelled FATAIM JAYMEGI.
   576 | D:1      | 576 ||| DROPPING scroll of butterflies.
   591 | D:2      | 591 ||| STAIRDANCE
   801 | D:2      | Reached skill level 7 in Ranged Weapons
  1211 | D:2      | 1211 ||| UPGRADING to +1 helmet.
  1216 | D:2      | 1216 ||| UPGRADING to +0 ring mail.
  1226 | D:2      | 1226 ||| DROPPING +0 leather armour.
  1227 | D:2      | 1227 ||| UPGRADING to +6 ring of dexterity.
  1228 | D:2      | 1228 ||| READING scroll labelled ROMAIFA MAQUUK.
  1228 | D:2      | Identified a scroll of acquirement
  1228 | D:2      | 1228 ||| ACQUIRING +5 shortbow of flaming
  1228 | D:2      | Acquired a +5 shortbow of flaming
  1230 | D:2      | 1230 ||| SWAPPING to +5 shortbow of flaming.
  1231 | D:2      | 1231 ||| DROPPING +0 shortbow.
  1232 | D:2      | 1232 ||| READING scroll labelled JOAPOM MACZI.
  1233 | D:2      | 1233 ||| READING scroll labelled RAES COITH.
  1234 | D:2      | 1234 ||| DRINKING 2 murky amethyst potions.
  1234 | D:2      | Gained mutation: You are dopey. (Int -2) [potion of
                  | mutation]
  1234 | D:2      | Gained mutation: You have large cloven feet. [potion of
                  | mutation]
  1234 | D:2      | Gained mutation: Your system is resistant to poisons.
                  | (rPois) [potion of mutation]
  1235 | D:2      | 1235 ||| READING 3 scrolls of identify.
  1235 | D:2      | 1235 ||| IDENTIFYING red potion
  1236 | D:2      | 1236 ||| READING 2 scrolls of identify.
  1236 | D:2      | 1236 ||| IDENTIFYING amethyst potion
  1237 | D:2      | 1237 ||| DROPPING potion of degeneration.
  1342 | D:3      | Found a radiant altar of Vehumet.
  1447 | D:3      | Reached XP level 4. HP: 25/25 MP: 6/6
  1574 | D:3      | Found Kytiyph's General Store.
  1579 | D:3      | 1579 ||| SHOPLISTING +2 pair of boots "Ykhegyq" {-Cast
                  | rPois Will+ Str+7} (507 gold, have 76).
  1579 | D:3      | 1579 ||| SHOPLISTING ring of protection from cold (325
                  | gold, have 76).
  1954 | D:3      | 1954 ||| READING 2 scrolls of identify.
  1954 | D:3      | 1954 ||| IDENTIFYING metallic cyan potion
  1987 | D:4      | 1987 ||| PLANNING SEWER
  1990 | D:4      | Reached skill level 8 in Ranged Weapons
  1997 | D:4      | Noticed an ogre
  2002 | D:4      | Killed an ogre
  2003 | D:4      | Reached XP level 5. HP: 29/29 MP: 7/7
  2534 | D:4      | Reached skill level 9 in Ranged Weapons
  2534 | D:4      | Reached XP level 6. HP: 34/34 MP: 8/8
  2593 | D:4      | Found a glowing drain.
  2594 | D:4      | 2594 ||| UPGRADING to +6 ring of strength.
  2596 | D:4      | 2596 ||| DROPPING ring of resist corrosion.
  2597 | D:4      | 2597 ||| READING scroll labelled ZOSMAB XEKHIGA.
  2598 | D:4      | 2598 ||| DRINKING 2 white potions.
  2599 | D:4      | 2599 ||| READING 2 scrolls of identify.
  2599 | D:4      | 2599 ||| IDENTIFYING sedimented grey potion
  2600 | D:4      | 2600 ||| DROPPING potion of attraction.
  2609 | Sewer    | Entered a sewer
  2680 | Sewer    | Reached skill level 1 in Armour
  2716 | Sewer    | Found a white marble altar of Elyvilon.
  2758 | D:4      | 2758 ||| PLANNING D:1-11
  2832 | D:5      | Entered Level 5 of the Dungeon
  2856 | D:5      | Reached XP level 7. HP: 40/40 MP: 9/9
  2925 | D:5      | Found a runed translucent door.
  2927 | D:5      | Noticed qw's ghost (amateur GrFi)
  2959 | D:5      | Reached skill level 10 in Ranged Weapons
  2998 | D:5      | Identified the ring of Gew Hiat {+Blink rCorr EV+5 Dex+2}
  3240 | D:5      | Found a runed translucent door.
  3365 | D:5      | 3365 ||| UPGRADING to ring of Gew Hiat {+Blink rCorr EV+5
                  | Dex+2}.
  3367 | D:5      | 3367 ||| DROPPING +6 ring of strength.
  3368 | D:5      | 3368 ||| READING scroll labelled OMALYO ZUIXIM.
  3369 | D:5      | 3369 ||| READING scroll labelled ERUQICZI EWNE.
  3370 | D:5      | 3370 ||| READING scroll labelled EDDAHU AXKEICOUF.
  3442 | D:5      | 3442 ||| READING scroll labelled ICREAS UNIRR.
  3443 | D:5      | 3443 ||| READING 2 scrolls of identify.
  3443 | D:5      | 3443 ||| IDENTIFYING blue potion
  3444 | D:5      | 3444 ||| DROPPING potion of berserk rage.
  3477 | D:6      | Noticed qw's ghost (novice GrFi)
  3485 | D:6      | Found a transporter.
  3513 | D:6      | Found a transporter.
  3534 | D:6      | Reached skill level 11 in Ranged Weapons
  3563 | D:6      | Reached XP level 8. HP: 45/45 MP: 10/10
  3576 | D:6      | 3576 ||| SWAPPING to +0 orcbow.
  3583 | D:6      | Reached skill level 12 in Ranged Weapons
  3583 | D:6      | 3583 ||| DROPPING +6 shortbow of flaming.
  3690 | D:6      | 3690 ||| Stepping ~*~*~tactically~*~*~ (outnumbered).
  3696 | D:6      | Reached skill level 3 in Fighting
  3793 | D:6      | 3793 ||| READING 2 scrolls of identify.
  3793 | D:6      | 3793 ||| IDENTIFYING viscous coppery potion
  3803 | D:7      | 3803 ||| STAIRDANCE
  3874 | D:7      | 3874 ||| STAIRDANCE
  3880 | D:6      | Reached skill level 13 in Ranged Weapons
  3937 | D:7      | Noticed Pikel
  3942 | D:7      | Killed Pikel
  3943 | D:7      | Reached XP level 9. HP: 50/50 MP: 11/11
  4168 | D:7      | Reached skill level 14 in Ranged Weapons
  4247 | D:7      | 4247 ||| Stepping ~*~*~tactically~*~*~ (cloud).
  4295 | D:7      | Found a staircase to the Ecumenical Temple.
  4296 | D:7      | 4296 ||| PLANNING TEMPLE
  4296 | D:7      | 4296 ||| UPGRADING to +2 cloak.
  4301 | D:7      | 4301 ||| UPGRADING to +1 pair of boots.
  4306 | D:7      | 4306 ||| DROPPING ring of ice.
  4314 | Temple   | Entered the Ecumenical Temple
  4329 | Temple   | 4329 ||| PLANNING OKAWARU WORSHIP
  4471 | Temple   | Became a worshipper of Warmaster Okawaru
  4472 | Temple   | 4472 ||| PLANNING D:1-11
  4594 | D:8      | 4594 ||| STAIRDANCE
  4756 | D:8      | Noticed a red ugly thing
  4756 | D:8      | Noticed a cyclops
  4765 | D:8      | HP: 8/50 [red ugly thing (9)]
  4765 | D:8      | Mangled by a red ugly thing

Levels and vault maps discovered:
D:1:      dpeg_arrival_arbitrary_a, layout_basic
D:2:      layout_loops_ring, chequers_serial_rivers_small_a, minmay_tripent
D:3:      layout_basic, mainiacjoe_overflow_24_doors, serial_shops,
          nicolae_square_shop, palyth_stone_intersect
D:4:      layout_loops_ring, portal_sewer_entry_d, bh_walls_and_bars
D:5:      layout_basic, ebering_ghost_sewer_f
D:6:      layout_rooms, gammafunk_ghost_stat_death
D:7:      layout_basic, minmay_temple_entry_junction, uniq_pikel
D:8:      layout_gridville, minmay_the_grid_2x2 [minmay_the_grid_odd_star,
          minmay_the_grid_dragon_b, minmay_the_grid_rooms,
          minmay_the_grid_prize_four_corners]
Temple:   nicolae_temple_elliptical

Skill      XL: |  1  2  3  4  5  6  7  8  9 |
---------------+----------------------------+-----
Ranged Weapons | 6 7 8 9 11 13 14 | 14.3
Dodging        | 4 7 |  7.7
Fighting       | 2 3 |  3.0
Armour         | 1 2 |  2.6
Stealth        | |  1.2

Action                     |  1- 3 |  4- 6 |  7- 9 || total
---------------------------+-------+-------+-------++-------
   Fire: Shortbow          |   106 |    79 |    24 ||   209
         Orcbow            |       |       |   178 ||   178
    Use: Scroll            |     9 |     3 |     6 ||    18
         Potion            |     1 |     1 |       ||     2
 Armour: Leather armour    |     7 |       |       ||     7
         Ring mail         |     3 |     9 |    30 ||    42
  Dodge: Dodged            |    10 |     8 |   116 ||   134

Table legend:
 A = Non-vault XP
 B = Vault XP
 C = Vault XP percentage of total XP
 D = Non-vault monster count
 E = Vault monster count
 F = Vault count percentage of total count
                 A         B        C        D         E       F
            +---------+---------+-------+---------+---------+-------
      Total |    3070 |     891 |  22.5 |     119 |      16 |  11.9
            +---------+---------+-------+---------+---------+-------
        D:1 |      52 |       0 |   0.0 |      28 |       0 |   0.0
        D:2 |      12 |       3 |  20.0 |       8 |       2 |  20.0
        D:3 |      50 |       0 |   0.0 |      20 |       0 |   0.0
        D:4 |     283 |      13 |   4.4 |       9 |       1 |  10.0
        D:5 |     248 |       0 |   0.0 |       5 |       0 |   0.0
        D:6 |    1258 |       0 |   0.0 |      29 |       0 |   0.0
        D:7 |    1167 |     651 |  35.8 |      20 |       1 |   4.8
      Sewer |       0 |     224 | 100.0 |       0 |      12 | 100.0
            +---------+---------+-------+---------+---------+-------
